 Dungeon Crawl Stone Soup version 0.30-a0-165-g1891117ce2 (webtiles) character file.

Game seed: 2521376273900674343

138 qw the Shield-Bearer (level 5, -11/32 HPs)
             Began as a Gargoyle Fighter on Sept 28, 2022.
             Mangled by an ogre
             ... wielding a +0 giant club
              (17 damage)
             ... on level 4 of the Dungeon.
             The game lasted 00:00:53 (3178 turns).

qw the Shield-Bearer (Gargoyle Fighter)             Turns: 3178, Time: 00:00:54

Health: -11/32     AC: 13    Str: 21    XL:     5   Next: 21%
Magic:  5/5        EV:  6    Int:  9    God:
Gold:   155        SH:  8    Dex:  9    Spells: 4/4 levels left

rFire   . . .      SeeInvis .    Y - +0 war axe
rCold   + . .      Faith    .    h - +0 kite shield
rNeg    + . .      Spirit   .    i - +0 chain mail
rPois   inf        Reflect  .    (no helmet)
rElec   +          Harm     .    (no cloak)
rCorr   .          Rampage  .    (no gloves)
Will    +....                    (no boots)
Stlth   ..........               (no amulet)
HPRegen 0.10/turn                e - ring of protection from cold
MPRegen 0.09/turn                l - ring of willpower

@: about to teleport
A: sickness immunity, AC +4, negative energy resistance 1, electricity
resistance, torment resistance 1, petrification resistance
a: no special abilities


You were on level 4 of the Dungeon.
You visited 1 branch of the dungeon, and saw 4 of its levels.

You collected 155 gold pieces.


Innate Abilities, Weirdness & Mutations

You are immune to sickness and miasma.
Your stone body is resilient. (AC +4)
You are immune to poison.
You resist negative energy. (rN+)
You are resistant to electric shocks. (rElec)
You are resistant to unholy torment.
You are immune to petrification.


   Skills:
 - Level 3.2 Fighting
 - Level 4.0 Axes
 - Level 1.0 Throwing
 - Level 3.2 Armour
 + Level 4.2 Shields


You had 4 spell levels left.
You didn't know any spells.
Your spell library was empty.

Inventory:

Hand Weapons
 b - a +0 mace
 Y - a +0 war axe (weapon)
Missiles
 q - 5 boomerangs (quivered)
Armour
 h - a +0 kite shield (worn)
 i - a +0 chain mail (worn)
 n - a +0 ring mail of cold resistance
Jewellery
 c - an amulet of guardian spirit
 e - a ring of protection from cold (left hand)
 f - a ring of positive energy
 l - a ring of willpower (right hand)
Scrolls
 a - a scroll of identify
 m - a scroll of teleportation
Potions
 d - 2 potions of might
 g - a potion of heal wounds
 k - a potion of mutation
 o - a potion of attraction
 p - a potion of berserk rage {unknown}

Dungeon Overview and Level Annotations

Branches:
Dungeon (4/15)
 Temple: D:4-7

Altars:
Dithmenos
Fedhas
Gozag
Kikubaaqudgha
Makhleb
Qazlal
Sif Muna
Uskayaw
Wu Jian
Yredelemnul


Message History

You now have 155 gold pieces (gained 11).
d - 2 potions of might (gained 1)
Found a stone staircase leading down.
You see here the dreamshard necklace {*Dream Drain}.
Enter note:
Enter note:
Enter note:
Enter note:
Found a stone staircase leading up.
Enter note:
Enter note:
Enter note:
There is a stone staircase leading up here.
n - a +0 ring mail of cold resistance An ogre comes into view.
It is wielding a +0 giant club.
The ogre shouts!
Throw: 2 javelins
Press: ? - help, Q - select action, (/) - cycle Shift-Dir - straight line, f - ogre You throw a javelin.
The javelin pierces through the ogre!
The ogre is moderately wounded.
Throw: javelin
Press: ? - help, Q - select action, (/) - cycle Shift-Dir - straight line, f/p - ogre You throw a javelin.
The javelin barely misses the ogre.
An orc comes into view. It is wielding a +0 whip.
Throw: 6 boomerangs
Press: ? - help, Q - select action Shift-Dir - straight line, f/p - ogre You throw a boomerang.
The boomerang hits the ogre!
The ogre is heavily wounded.
You slash the ogre!
The ogre is severely wounded.
The ogre hits you with a +0 giant club!!
Ouch! That really hurt!
A kobold comes into view. It is wielding a +0 short sword.
The kobold shouts!
3178 ||| READING 2 scrolls of teleportation.
As you read the scroll of teleportation, it crumbles to dust.
You feel strangely unstable. The ogre hits you with a +0 giant club!
Ouch! That really hurt!
You die...

........#...............#
........#...............#
........#.<...........###
........#......#..##.##
......##.>....##.#####
......#...##.......#.#
..>..................###
##..#..................#
#.......(K..o.O@##...##
.................###.##
##..............## ###
...#............
..##............ ##
#....##.....# .....#
.....


You could see an ogre, an orc and a kobold.

Vanquished Creatures
  A hound (D:2)
  5 adders
  2 worms
  A dart slug (D:4)
  2 orcs
  3 bats
  5 endoplasms
  4 giant cockroaches
  3 goblins
  6 hobgoblins
  4 quokkas
  7 ball pythons
  6 frilled lizards
  A kobold (D:3)
  2 rats (D:1)
52 creatures vanquished.

Notes
Turn   | Place    | Note
-------+----------+-------------------------------------------
     0 | D:1      | qw the Gargoyle Fighter began the quest for the Orb.
     0 | D:1      | Reached XP level 1. HP: 14/14 MP: 1/1
     0 | D:1      | 0 ||| qw: Version: 0.2-a-12-gaebbb33
     0 | D:1      | 0 ||| qw: Game counter: 759
     0 | D:1      | 0 ||| qw: Always use a shield: true
     0 | D:1      | 0 ||| qw: God list: Okawaru
     0 | D:1      | 0 ||| qw: Allow faded altars: false
     0 | D:1      | 0 ||| qw: Do Orc after D:15 true
     0 | D:1      | 0 ||| qw: Do second Lair branch before Depths: true
     0 | D:1      | 0 ||| qw: Lair rune preference: random
     0 | D:1      | 0 ||| qw: Plans: Normal, Zot:1-4, God:TSO, Crypt, Tomb,
                  | Pan, Slime:5, Hells, Abyss, Orb
     0 | D:1      | 0 ||| PLANNING D:1-11
   475 | D:1      | Reached XP level 2. HP: 18/19 MP: 2/2
   579 | D:1      | Found a faded altar of an unknown god.
   966 | D:1      | 966 ||| UPGRADING to +0 kite shield.
   976 | D:1      | 976 ||| DROPPING +0 buckler.
   977 | D:1      | 977 ||| UPGRADING to ring of protection from cold.
   978 | D:1      | 978 ||| READING 2 scrolls labelled VOELLA MILARROJE.
   979 | D:1      | 979 ||| READING scroll labelled LEXTAA AVITHA.
  1017 | D:1      | 1017 ||| READING scroll labelled KAYNINADEUL.
  1100 | D:2      | 1100 ||| Stepping ~*~*~tactically~*~*~ (stealth).
  1102 | D:2      | 1102 ||| Stepping ~*~*~tactically~*~*~ (stealth).
  1103 | D:2      | 1103 ||| Stepping ~*~*~tactically~*~*~ (stealth).
  1230 | D:2      | Reached skill level 3 in Axes
  1230 | D:2      | Reached XP level 3. HP: 23/23 MP: 3/3
  1350 | D:2      | 1350 ||| Stepping ~*~*~tactically~*~*~ (stealth).
  1667 | D:2      | Reached XP level 4. HP: 18/28 MP: 4/4
  1789 | D:2      | 1789 ||| Stepping ~*~*~tactically~*~*~ (stealth).
  1817 | D:2      | Reached skill level 1 in Throwing
  1997 | D:2      | 1997 ||| READING scroll labelled JOHOYPA ROADGH.
  1998 | D:2      | 1998 ||| READING scroll labelled EMPOBO TABRIVI.
  1999 | D:2      | 1999 ||| READING scroll labelled QABRYW ATIA.
  2000 | D:2      | 2000 ||| DRINKING 2 viscous pink potions.
  2001 | D:2      | 2001 ||| READING 2 scrolls of identify.
  2001 | D:2      | 2001 ||| IDENTIFYING glowing inky potion
  2305 | D:3      | Found a shimmering blue altar of Sif Muna.
  2306 | D:3      | Found a blossoming altar of Fedhas.
  2306 | D:3      | Found a stormy altar of Qazlal.
  2307 | D:3      | Found a basalt altar of Yredelemnul.
  2308 | D:3      | Found an ornate altar of the Wu Jian Council.
  2308 | D:3      | Found a shadowy altar of Dithmenos.
  2309 | D:3      | Found an opulent altar of Gozag.
  2310 | D:3      | Found a burning altar of Makhleb.
  2310 | D:3      | Found a hide-covered altar of Uskayaw.
  2311 | D:3      | Found an ancient bone altar of Kikubaaqudgha.
  2900 | D:3      | 2900 ||| UPGRADING to +0 chain mail.
  2910 | D:3      | 2910 ||| DROPPING +0 scale mail.
  2911 | D:3      | 2911 ||| UPGRADING to ring of willpower.
  2912 | D:3      | 2912 ||| READING scroll labelled RIZEIWI FUILLIO.
  2913 | D:3      | 2913 ||| READING scroll labelled LUEQEL ABEGH.
  2914 | D:3      | 2914 ||| READING 2 scrolls of identify.
  2914 | D:3      | 2914 ||| IDENTIFYING grey potion
  2932 | D:4      | Reached XP level 5. HP: 32/32 MP: 5/5
  2978 | D:4      | 2978 ||| DROPPING +0 club.
  2995 | D:4      | 2995 ||| Stepping ~*~*~tactically~*~*~ (stealth).
  2996 | D:4      | 2996 ||| Stepping ~*~*~tactically~*~*~ (stealth).
  3081 | D:4      | Found the dreamshard necklace {*Dream Drain}
  3173 | D:4      | Noticed an ogre
  3177 | D:4      | HP: 6/32 [ogre/+0 giant club (26)]
  3178 | D:4      | 3178 ||| READING 2 scrolls of teleportation.
  3178 | D:4      | Mangled by an ogre

Levels and vault maps discovered:
D:1:      nicolae_arrival_somewhat_less_tricky_arrival, layout_basic,
          ebering_ecumenical_altar_webs, serial_park_tiny_2
D:2:      layout_loops_ring, minmay_worlds_worst_comb
D:3:      minmay_angry_zag, layout_loops_corners, nicolae_overflows_in_rows,
          kennysheep_generic_room_13
D:4:      layout_cave_pools

Skill      XL: |  1  2  3  4  5 |
---------------+----------------+-----
Axes           | 2 3 4 |  4.0
Throwing       | 1 |  1.0
Shields        | 4 |  4.2
Fighting       | |  3.2
Armour         | |  3.2

Action                   |  1- 3 |  4- 6 || total
-------------------------+-------+-------++-------
Melee: War axe           |    83 |    72 ||   155
Throw: Javelin           |     2 |    24 ||    26
       Boomerang         |       |     6 ||     6
  Use: Scroll            |     3 |     8 ||    11
       Potion            |       |     1 ||     1
Armor: Scale mail        |    55 |    23 ||    78
       Chain mail        |       |    10 ||    10
Dodge: Dodged            |    30 |    28 ||    58
Block: Buckler           |     9 |       ||     9
       Kite shield       |     8 |    28 ||    36

Table legend:
 A = Non-vault XP
 B = Vault XP
 C = Vault XP percentage of total XP
 D = Non-vault monster count
 E = Vault monster count
 F = Vault count percentage of total count
                 A         B        C        D         E       F
            +---------+---------+-------+---------+---------+-------
      Total |     175 |      23 |  11.6 |      45 |       7 |  13.5
            +---------+---------+-------+---------+---------+-------
        D:1 |      19 |       0 |   0.0 |      12 |       0 |   0.0
        D:2 |      82 |       4 |   4.7 |      16 |       2 |  11.1
        D:3 |      31 |      19 |  38.0 |      10 |       5 |  33.3
        D:4 |      43 |       0 |   0.0 |       7 |       0 |   0.0
            +---------+---------+-------+---------+---------+-------
